 Dungeon Crawl Stone Soup version 0.27-a0-1184-ge86db4a01e (webtiles) character file.

Game seed: 6090290127667900624

52 leviel the Poker (level 3, -7/33 HPs)
             Began as a Minotaur Monk on May 18, 2021.
             Mangled by an ogre
             ... wielding a +0 giant spiked club
              (16 damage)
             ... on level 4 of the Dungeon.
             The game lasted 00:01:40 (1224 turns).

leviel the Poker (Minotaur Monk)                    Turns: 1224, Time: 00:01:40

Health: -7/33      AC: 10    Str: 16    XL:     3   Next: 60%
Magic:  2/2        EV:  5    Int:  7    God:
Gold:   26         SH:  0    Dex: 12    Spells: 2/2 levels left

rFire    . . .     SeeInvis .   a - +0 spear
rCold    . . .     Faith    .   (no shield)
rNeg     . . .     Spirit   .   e - +0 plate armour
rPois    .         Reflect  .   (helmet restricted)
rElec    .         Harm     .   (no cloak)
rCorr    .         Rampage  .   (no gloves)
Will     .....                  (no boots)
Stlth    ..........             (no amulet)
HPRegen  0.11/turn              (no ring)
MPRegen  0.08/turn              (no ring)

@: confused, ambrosia-drunk, attractive
A: horns 2, retaliatory headbutt
a: no special abilities


You were on level 4 of the Dungeon.
You visited 1 branch of the dungeon, and saw 3 of its levels.

You collected 26 gold pieces.

Inventory:

Hand Weapons
 a - a +0 spear (weapon)
Missiles
 c - 8 javelins (quivered)
Armour
 e - a +0 plate armour (worn)
Scrolls
 b - a scroll of blinking {unknown}
 g - 2 scrolls of amnesia {unknown}
 i - 2 scrolls of noise {unknown}
 j - a scroll of fear {unknown}
 k - a scroll of enchant armour {unknown}
 l - a scroll of identify {unknown}
Potions
 f - 2 potions of curing {unknown}


   Skills:
 + Level 4.3 Fighting
 + Level 4.3 Polearms
 + Level 0.3 Throwing
 + Level 0.2 Armour
 + Level 3.8 Dodging
 + Level 1.7 Stealth


You had 2 spell levels left.
You didn't know any spells.
Your spell library contained the following spells:

 Spells                   Type           Power      Damage    Failure   Level
 Magic Dart               Conj           0%         1d3       100%        1
 Blink                    Tloc           N/A        N/A       100%        2
 Call Imp                 Summ           0%         N/A       100%        2
 Slow                     Hex            0%         N/A       100%        2
 Conjure Flame            Conj/Fire      0%         6-21      100%        3
 Mephitic Cloud           Conj/Pois/Air  0%         N/A       100%        3


Dungeon Overview and Level Annotations

Branches:
Dungeon (2/15)

Altars:


Innate Abilities, Weirdness & Mutations

You have a pair of horns on your head.
You reflexively headbutt those who attack you in melee.


Message History

Found a scroll labelled ZOFAUXKAJO.
A jackal comes into view.
You see here a scroll labelled ZOFAUXKAJO.
l - a scroll labelled ZOFAUXKAJO The jackal bites you but does no damage.
You closely miss the jackal.
The jackal bites you but does no damage. x3
The jackal bites you. The jackal barely misses you.
You hit the jackal.
The jackal is almost dead.
The jackal bites you but does no damage.
The jackal barely misses you. You furiously retaliate!
You headbutt the jackal.
You kill the jackal!
The jackal bites you but does no damage.
You closely miss the jackal. The jackal completely misses you.
The jackal barely misses you.
You hit the jackal.
You kill the jackal!
An endoplasm comes into view.
The endoplasm quivers.
It was a potion of attraction.
You feel attractive to monsters. The ogre is pulled toward you!
The endoplasm is pulled toward you!
It was a potion of ambrosia.
You are confused.
You feel invigorated.
The ogre hits you with a +0 giant spiked club!
Ouch! That really hurt!
The endoplasm hits you but does no damage.
Found a cloak.
The ogre hits you with a +0 giant spiked club.
You closely miss the ogre.
The endoplasm hits you but does no damage.
The ogre hits you with a +0 giant spiked club!!
Ouch! That really hurt!
* * * LOW HITPOINT WARNING * * *
The ogre is pulled toward you!
The ogre hits you with a +0 giant spiked club!
You die...

....##..# ##.....
.........# ......
.........## ####.
#........#####.
#..............
#..............
#..............
#..............
#...@O.........
#....J.........
#................
#................
..................
..................
..................
...####........[.
#.# ##.#.....


You could see an ogre and an endoplasm.

Vanquished Creatures
  A gnoll (D:1)
  4 dart slugs
  4 ball pythons (D:1)
  5 endoplasms
  A giant cockroach (D:2)
  A goblin (D:1)
  2 hobgoblins (D:2)
  6 jackals
  A kobold (D:1)
  2 bats
  A frilled lizard (D:1)
  A rat (D:2)
29 creatures vanquished.

Notes
Turn   | Place    | Note
-------+----------+-------------------------------------------
     0 | D:1      | leviel the Minotaur Monk began the quest for the Orb.
     0 | D:1      | Reached XP level 1. HP: 19/19 MP: 0/0
   265 | D:1      | Reached XP level 2. HP: 24/27 MP: 1/1
   542 | D:1      | Found a faded altar of an unknown god.
   594 | D:1      | Reached XP level 3. HP: 25/33 MP: 2/2
  1193 | D:2      | You fall into a shaft and drop 2 floors!
  1193 | D:4      | Noticed an ogre
  1224 | D:4      | Mangled by an ogre

Illustrated notes

Levels and vault maps discovered:
D:1:      dpeg_arrival_fog, layout_basic,
          hellmonk_ecumenical_altar_leap_of_faith, kennysheep_another_room
D:2:      layout_rooms
D:4:      layout_layer_cave

Skill      XL: |  1  2 |
---------------+-------+-----
Fighting       | 4 |  4.3
Polearms       | 4 |  4.3
Throwing       | |  0.3
Armour         | |  0.2
Dodging        | |  3.8
Stealth        | |  1.7

Action                   || total
-------------------------++-------
Melee: Spear             ||    67
       Headbutt          ||    11
Throw: Javelin           ||    13
  Use: Potion            ||     2
Armor: Robe              ||     1
       Plate armour      ||    37
Dodge: Dodged            ||    22

Table legend: (Time is in decaauts)
 A = Elapsed time spent in this place.
 B = Non-inter-level travel time spent in this place.
 C = Inter-level travel time spent in this place.
 D = Time resting spent in this place.
 E = Time spent auto-exploring this place.
 F = Levels seen in this place.
 G = Mean time per level.
                   A        B        C        D        E       F      G
               +--------+--------+--------+--------+--------+-----+--------+
         Total |   1222 |   1200 |     22 |      0 |   1014 |   3 |  407.3 |
       Dungeon |   1222 |   1200 |     22 |      0 |   1014 |   3 |  407.3 |
               +--------+--------+--------+--------+--------+-----+--------+

Top non-repeatable levels by time:
     D:1: 889 daAuts
     D:2: 302 daAuts
     D:4: 30 daAuts
